 Dungeon Crawl Stone Soup version 0.23-a0-398-g8eab93f (webtiles) character file.

3706 Ijustatesigmund the Thaumaturge (level 10, -12/65 HPs)
             Began as a Gnoll Wizard on Nov 3, 2018.
             Was an Elder of Cheibriados.
             Shot with a bolt by an orc warrior (15 damage)
             ... in a bailey.
             The game lasted 00:25:13 (10791 turns).

Ijustatesigmund the Thaumaturge (Gnoll Wizard)     Turns: 10791, Time: 00:25:15

Health: -12/65     AC: 13    Str: 20    XL:     10   Next: 14%
Magic:  4/22       EV: 18    Int: 33    God:    Cheibriados [****..]
Gold:   425        SH:  9    Dex: 24    Spells: 20/26 levels left

rFire    . . .     SeeInvis +   g - +1 flail (protect)
rCold    + . .     Gourm    .   j - +3 buckler
rNeg     . . .     Faith    .   p - +0 acid dragon scales
rPois    .         Spirit   .   s - +2 helmet {SInv}
rElec    .         Reflect  .   (no cloak)
rCorr    +         Harm     .   (no gloves)
MR       +....                  a - +2 pair of boots
Stlth    +++++.....             (no amulet)
HPRegen  0.20/turn              o - ring of stealth
MPRegen  0.18/turn              u - ring of protection from cold

@: very slow
A: distributed training, fangs 1, frail 1, magic resistance 1, strong nose
a: Bend Time, Temporal Distortion, Slouch, Renounce Religion


You were in a bailey.
You worshipped Cheibriados.
Cheibriados was greatly pleased with you.
You were not hungry.

You visited 1 branch of the dungeon, and saw 9 of its levels.
You also visited: Bailey.

You collected 425 gold pieces.

Inventory:

Hand Weapons
 g - a +1 flail of protection (weapon)
Missiles
 w - 3 javelins (quivered)
Armour
 a - a +2 pair of boots (worn)
 j - a +3 buckler (worn)
 p - +0 acid dragon scales (worn)
 s - a +2 helmet of see invisible (worn)
Jewellery
 e - an uncursed ring of fire {unknown}
 o - a ring of stealth (left hand)
 u - a ring of protection from cold (right hand)
Wands
 b - a wand of digging (3)
 m - a wand of enslavement (1)
 r - a wand of flame (57)
 t - a wand of paralysis (2)
 v - a wand of scattershot (8)
Scrolls
 c - 5 scrolls of remove curse
 f - 4 scrolls of identify
 h - a scroll of teleportation
 k - 6 scrolls of amnesia
Potions
 i - 2 potions of cancellation
 l - 4 potions of flight
 n - 6 potions of curing
 q - a potion of lignification
 x - a potion of brilliance
Comestibles
 d - 7 rations


   Skills:
 + Level 4.9 Fighting
 + Level 4.9 Short Blades
 + Level 4.9 Long Blades
 + Level 4.9 Axes
 + Level 4.9 Maces & Flails
 + Level 4.9 Polearms
 + Level 4.9 Staves
 + Level 4.9 Slings
 + Level 4.9 Bows
 + Level 4.9 Crossbows
 + Level 4.9 Throwing
 + Level 4.9 Armour
 + Level 6.8 Dodging
 + Level 6.5 Stealth
 + Level 4.9 Shields
 + Level 4.9 Unarmed Combat
 + Level 8.8 Spellcasting
 + Level 4.6 Conjurations
 + Level 4.0 Hexes
 + Level 4.0 Charms
 + Level 4.6 Summonings
 + Level 4.0 Necromancy
 + Level 4.6 Translocations
 + Level 4.0 Transmutations
 + Level 4.0 Fire Magic
 + Level 4.0 Ice Magic
 + Level 4.0 Air Magic
 + Level 4.0 Earth Magic
 + Level 4.0 Poison Magic
 + Level 5.4 Invocations
 + Level 4.9 Evocations


You had 20 spell levels left.
You knew the following spells:

 Your Spells              Type           Power        Failure   Level  Hunger
a - Magic Dart            Conj           ####         1%          1    None
b - Blink                 Tloc           N/A          1%          2    None
c - Mephitic Cloud        Conj/Pois/Air  #####...     2%          3    None

Your spell library contained the following spells:

 Spells                   Type           Power        Failure   Level  Hunger
 Call Imp                 Summ           #####...     1%          2    None
 Slow                     Hex            #####...     1%          2    None
 Conjure Flame            Conj/Fire      #####...     1%          3    None
 Iskenderun's Battlesphe  Conj/Chrm      #####...     19%         5    ###....
 Venom Bolt               Conj/Pois      #####.....   19%         5    ###....
 Bolt of Magma            Conj/Fire/Erth #####.....   21%         5    ###....
 Iron Shot                Conj/Erth      #####.....   71%         6    #####..
 Orb of Destruction       Conj           #####.....   99%         7    ######.
 Spellforged Servitor     Conj/Summ      #####.....   99%         7    ######.


Dungeon Overview and Level Annotations

Branches:
Dungeon (9/15)             Temple (0/1) D:5
   Lair: D:8-11         Orc: D:9-12

Altars:
Cheibriados
Elyvilon
Makhleb
Qazlal
Vehumet
Yredelemnul
Zin

Annotations:
D:5 2 transporters, namelastname112's ghost, novice DrGl


Innate Abilities, Weirdness & Mutations

Your experience applies equally to all skills.
You have very sharp teeth.
Your uncanny sense of smell can sniff out nearby items.
You are frail. (-10% HP)
You are resistant to hostile enchantments. (MR+)


Message History

Confirm with . or Enter, or press ? or * to list all spells.
Aiming: Mephitic Cloud (safe; 2% risk of failure)
Press: ? - help, Shift-Dir - straight line, f/p - orc warrior
Aim: an orc warrior, wielding a +0 glaive and wearing a +0 plate armour The ball explodes into a vile cloud!
The stinking cloud engulfs the orc warrior.
The orc warrior is moderately wounded.
You hear a shout!
The orc warrior is engulfed in noxious fumes.
The orc warrior appears confused.
The orc warrior laughs crazily.
The orc warrior is engulfed in noxious fumes.
The orc warrior appears confused.
The orc warrior misses you.
The orc warrior shoots a bolt.
The bolt hits you!
* * * LOW HITPOINT WARNING * * *
The orc warrior shoots a bolt.
The bolt closely misses you.
The orc warrior is engulfed in noxious fumes.
The orc warrior appears confused.
The orc warrior shoots a bolt.
The bolt hits you!
You die...

.≈≈#.#≈≈..(.((###......≈≈
..≈≈≈≈≈...(#### ####....≈
.....∆...(## #....
.........##. #...
.........#.. ...
.....o..##.# ..
........##.+ ∆ ∆
........##o###
........##§@(#
........##)###
........##..# ∆
..........o.#
............#
..≈≈≈≈≈.....#
.≈≈#.#≈≈....#
.≈##.o#≈......
.≈..^o.≈.......


You could see 3 orc warriors.

Vanquished Creatures
  Prince Ribbit (D:6)
  A killer bee (D:7)
  Menkaure (D:6)
  An acid dragon (D:8)
  3 orc warriors
  2 sky beasts
  2 ice beasts
  A phantom (D:8)
  2 necrophages (D:5)
  An ogre (D:6)
  3 centaurs
  3 bullfrogs
  A big kobold (D:9)
  2 scorpions
  2 water moccasin skeletons
  2 crimson imps
  A centaur zombie (D:7)
  A quasit (D:9)
  4 hounds
  5 orc priests
  8 orc wizards
  Natasha (thrice) (D:3)
  6 iguanas
  Ijyb (D:3)
  5 worker ants
  2 hound skeletons
  A howler monkey zombie (D:9)
  6 gnolls
  7 adders
  A shadow imp (D:6)
  3 adder skeletons
  3 worms
  3 dart slugs
  3 leopard geckos
  30 orcs
  3 giant cockroaches
  6 goblins
  6 hobgoblins
  10 jackals
  13 kobolds
  3 quokkas
  A ball python (D:1)
  A ball python skeleton (D:4)
  5 bats
  4 frilled lizards
  2 quokka skeletons
  A quokka zombie (D:5)
  2 rats (D:1)
178 creatures vanquished.

Vanquished Creatures (collateral kills)
  5 killer bees
  3 orcs (Bailey)
8 creatures vanquished.

Vanquished Creatures (others)
  An orc warrior (Bailey)
  A killer bee (D:9)
2 creatures vanquished.

Grand Total: 188 creatures vanquished

Notes
Turn   | Place    | Note
-------+----------+-------------------------------------------
     0 | D:1      | Ijustatesigmund the Gnoll Wizard began the quest for the
                  | Orb.
     0 | D:1      | Reached XP level 1. HP: 13/13 MP: 8/8
   127 | D:1      | Reached XP level 2. HP: 10/19 MP: 5/10
   867 | D:1      | Learned a level 2 spell: Blink
   948 | D:1      | Reached XP level 3. HP: 25/25 MP: 8/11
  1402 | D:2      | Found a basalt altar of Yredelemnul.
  1507 | D:2      | Reached skill level 1 in Invocations
  1601 | D:1      | Reached skill level 1 in Fighting
  1601 | D:1      | Reached skill level 1 in Short Blades
  1601 | D:1      | Reached skill level 1 in Long Blades
  1601 | D:1      | Reached skill level 1 in Axes
  1601 | D:1      | Reached skill level 1 in Maces & Flails
  1601 | D:1      | Reached skill level 1 in Polearms
  1601 | D:1      | Reached skill level 1 in Staves
  1601 | D:1      | Reached skill level 1 in Slings
  1601 | D:1      | Reached skill level 1 in Bows
  1601 | D:1      | Reached skill level 1 in Crossbows
  1601 | D:1      | Reached skill level 1 in Throwing
  1601 | D:1      | Reached skill level 1 in Armour
  1601 | D:1      | Reached skill level 1 in Shields
  1601 | D:1      | Reached skill level 1 in Unarmed Combat
  1601 | D:1      | Reached skill level 1 in Evocations
  1660 | D:1      | Reached XP level 4. HP: 17/32 MP: 7/13
  2146 | D:3      | Learned a level 3 spell: Mephitic Cloud
  2152 | D:3      | Noticed Natasha
  2162 | D:3      | Killed Natasha
  2162 | D:3      | Reached skill level 1 in Hexes
  2162 | D:3      | Reached skill level 1 in Charms
  2162 | D:3      | Reached skill level 1 in Necromancy
  2162 | D:3      | Reached skill level 1 in Transmutations
  2162 | D:3      | Reached skill level 1 in Fire Magic
  2162 | D:3      | Reached skill level 1 in Ice Magic
  2162 | D:3      | Reached skill level 1 in Air Magic
  2162 | D:3      | Reached skill level 1 in Earth Magic
  2162 | D:3      | Reached skill level 1 in Poison Magic
  2165 | D:3      | Noticed Natasha
  2273 | D:3      | Killed Natasha
  2273 | D:3      | Reached XP level 5. HP: 28/37 MP: 7/14
  2278 | D:3      | Noticed Natasha
  2368 | D:3      | Killed Natasha
  2462 | D:3      | Gained mutation: You are frail. (-10% HP) [potion of
                  | mutation]
  2462 | D:3      | Gained mutation: You are resistant to hostile enchantments.
                  | (MR+) [potion of mutation]
  2483 | D:3      | Found a snail-covered altar of Cheibriados.
  2494 | D:3      | Became a worshipper of Cheibriados the Contemplative
  2890 | D:3      | Noticed Ijyb
  2908 | D:3      | Killed Ijyb
  3176 | D:3      | Found a faded altar of an unknown god.
  3464 | D:4      | Reached XP level 6. HP: 33/39 MP: 10/16
  3892 | D:4      | Reached * piety under Cheibriados
  3892 | D:4      | Reached skill level 5 in Dodging
  4245 | D:5      | Entered Level 5 of the Dungeon
  4270 | D:5      | Reached XP level 7. HP: 35/45 MP: 12/18
  4299 | D:5      | Found a staircase to the Ecumenical Temple.
  4609 | D:5      | Found a transporter.
  4742 | D:5      | Noticed namelastname112's ghost (novice DrGl)
  4743 | D:5      | Found a transporter.
  4895 | D:5      | Reached skill level 5 in Stealth
  4943 | D:5      | Reached ** piety under Cheibriados
  4993 | D:5      | Found a burning altar of Makhleb.
  5263 | D:5      | Reached XP level 8. HP: 51/51 MP: 10/19
  5592 | D:6      | Noticed Prince Ribbit
  5600 | D:6      | Killed Prince Ribbit
  5789 | D:6      | Reached skill level 8 in Spellcasting
  5827 | D:6      | Noticed Menkaure
  5922 | D:6      | Killed Menkaure
  5985 | D:6      | Found a stormy altar of Qazlal.
  5987 | D:6      | Found a white marble altar of Elyvilon.
  5989 | D:6      | Found a glowing silver altar of Zin.
  6021 | D:6      | Found a radiant altar of Vehumet.
  6087 | D:6      | Reached XP level 9. HP: 53/58 MP: 15/21
  6561 | D:7      | Reached *** piety under Cheibriados
  8305 | D:8      | Reached **** piety under Cheibriados
  9214 | D:8      | Reached skill level 5 in Invocations
  9376 | D:8      | HP: 1/59 [acid (12)]
 10144 | D:9      | Reached XP level 10. HP: 65/65 MP: 22/22
 10270 | D:9      | Found a flagged portal.
 10276 | Bailey   | Entered a bailey
 10791 | Bailey   | HP: 3/65 [orc warrior/bolt (17)]
 10791 | Bailey   | Shot with a bolt by an orc warrior

Vault maps used:
D:1:      lemuel_arrival_cross
D:2:      lemuel_round_altar
D:3:      cheibriados_altar_1, first_ration, chequers_ecumenical_altar_twisty,
          uniq_natasha, uniq_ijyb
D:4:      hangedman_feature_mirror
D:5:      minmay_temple_entry_overgrown, gammafunk_ghost_smash, bloody_makhleb
D:6:      vehumet_altar_wand_db, grunt_temple_overflow_open,
          portal_sewer_entry_d, uniq_prince_ribbit1, uniq_menkaure
D:9:      david_orc_3, enter_bailey_2, hangedman_decor_riveting
Bailey:   bailey_polearm_2, bailey

Skill      XL: |  1  2  3  4  5  6  7  8  9 10 |
---------------+-------------------------------+-----
Conjurations   | 2 3 4 |  4.6
Summonings     | 2 3 4 |  4.6
Translocations | 2 3 4 |  4.6
Invocations    | 1 2 3 4 5 |  5.4
Fighting       | 1 2 3 4 |  4.9
Short Blades   | 1 2 3 4 |  4.9
Long Blades    | 1 2 3 4 |  4.9
Axes           | 1 2 3 4 |  4.9
Maces & Flails | 1 2 3 4 |  4.9
Polearms       | 1 2 3 4 |  4.9
Staves         | 1 2 3 4 |  4.9
Slings         | 1 2 3 4 |  4.9
Bows           | 1 2 3 4 |  4.9
Crossbows      | 1 2 3 4 |  4.9
Throwing       | 1 2 3 4 |  4.9
Armour         | 1 2 3 4 |  4.9
Shields        | 1 2 3 4 |  4.9
Unarmed Combat | 1 2 3 4 |  4.9
Evocations     | 1 2 3 4 |  4.9
Hexes          | 1 2 3 4 |  4.0
Charms         | 1 2 3 4 |  4.0
Necromancy     | 1 2 3 4 |  4.0
Transmutations | 1 2 3 4 |  4.0
Fire Magic     | 1 2 3 4 |  4.0
Ice Magic      | 1 2 3 4 |  4.0
Air Magic      | 1 2 3 4 |  4.0
Earth Magic    | 1 2 3 4 |  4.0
Poison Magic   | 1 2 3 4 |  4.0
Dodging        | 5 6 |  6.8
Stealth        | 5 6 |  6.5
Spellcasting   | 8 |  8.8

Action                   |  1- 3 |  4- 6 |  7- 9 | 10-12 || total
-------------------------+-------+-------+-------+-------++-------
Melee: Mace              |     2 |     1 |       |       ||     3
       Flail             |       |    53 |   175 |    57 ||   285
       Bite              |       |     4 |    26 |     8 ||    38
       Punch             |       |       |     2 |       ||     2
 Cast: Magic Dart        |    83 |   122 |   366 |    37 ||   608
       Blink             |       |     1 |     6 |       ||     7
       Mephitic Cloud    |       |     1 |     5 |     3 ||     9
Invok: Slouch            |       |       |     1 |       ||     1
Evoke: Wand              |       |       |     6 |     5 ||    11
  Use: Potion            |       |     6 |     2 |       ||     8
       Scroll            |       |    10 |    11 |     2 ||    23
 Stab: Sleeping          |       |     1 |       |       ||     1
       Paralysed         |       |       |     5 |       ||     5
       Confused          |       |       |     2 |       ||     2
  Eat: Chunk             |     2 |     8 |     3 |       ||    13
       Ration            |       |       |     2 |       ||     2
Armor: Leather armour    |     7 |     9 |       |       ||    16
       Scale mail        |       |    29 |   151 |       ||   180
       Acid dragon scale |       |       |    16 |    18 ||    34
Dodge: Dodged            |    28 |    81 |   257 |    72 ||   438
Block: Buckler           |       |       |    65 |    47 ||   112

Table legend:
 A = Non-vault XP
 B = Vault XP
 C = Vault XP percentage of total XP
 D = Non-vault monster count
 E = Vault monster count
 F = Vault count percentage of total count
                 A         B        C        D         E       F
            +---------+---------+-------+---------+---------+-------
      Total |    4433 |     862 |  16.3 |     171 |      16 |   8.6
            +---------+---------+-------+---------+---------+-------
        D:1 |      73 |       0 |   0.0 |      26 |       0 |   0.0
        D:2 |      56 |       0 |   0.0 |      18 |       0 |   0.0
        D:3 |     111 |      68 |  38.0 |      16 |       2 |  11.1
        D:4 |     295 |       0 |   0.0 |      12 |       0 |   0.0
        D:5 |     651 |       0 |   0.0 |      19 |       0 |   0.0
        D:6 |     916 |     464 |  33.6 |      23 |       4 |  14.8
        D:7 |     825 |       0 |   0.0 |      20 |       0 |   0.0
        D:8 |    1148 |       0 |   0.0 |      27 |       0 |   0.0
        D:9 |     358 |       0 |   0.0 |      10 |       0 |   0.0
     Bailey |       0 |     330 | 100.0 |       0 |      10 | 100.0
            +---------+---------+-------+---------+---------+-------
